 Dungeon Crawl Stone Soup version 0.22-b1-26-g9dbaab1 (webtiles) character file.

219 Gergoth the Magician (level 5, -4/28 HPs)
             Began as a Deep Elf Air Elementalist on Aug 8, 2018.
             Slain by Sigmund
             ... wielding a +0 scythe
              (8 damage)
             ... on level 4 of the Dungeon.
             The game lasted 00:08:59 (4321 turns).

Gergoth the Magician (Deep Elf Air Elementalist)    Turns: 4321, Time: 00:09:00

Health: -4/28      AC:  2    Str:  6    XL:     5   Next: 63%
Magic:  0/14       EV: 13    Int: 20    God:
Gold:   219        SH:  0    Dex: 15    Spells: 7/14 levels left

rFire    . . .     SeeInvis .   (no weapon)
rCold    . . .     Gourm    .   (no shield)
rNeg     . . .     Faith    .   a - +0 robe
rPois    .         Spirit   .   (no helmet)
rElec    .         Reflect  .   (no cloak)
rCorr    .         Harm     .   (no gloves)
MR       .....                  (no boots)
Stlth    ++........             (no amulet)
HPRegen  0.09/turn              (no ring)
MPRegen  0.14/turn              (no ring)

@: very slightly contaminated
A: no striking features
a: no special abilities


You were on level 4 of the Dungeon.
You were hungry.

You visited 2 branches of the dungeon, and saw 5 of its levels.

You collected 219 gold pieces.

Inventory:

Armour
 a - a +0 robe (worn)
 n - a cursed +0 pair of boots
Jewellery
 k - an uncursed amulet of the gourmand {unknown}
 o - an uncursed ring of magical power {unknown}
Scrolls
 b - 2 scrolls of teleportation {unknown}
 f - a scroll of enchant weapon {unknown}
 h - a scroll of amnesia {unknown}
 j - a scroll of magic mapping {unknown}
 l - 3 scrolls of fear {unknown}
 m - 2 scrolls of random uselessness {unknown}
 p - a scroll of immolation {unknown}
 q - 5 scrolls of identify {unknown}
 r - 2 scrolls of remove curse {unknown}
 t - a scroll of fog {unknown}
 u - 2 scrolls of noise {unknown}
 v - 2 scrolls of enchant armour {unknown}
Potions
 d - a potion of resistance {unknown}
 e - 2 potions of curing {unknown}
 g - a potion of agility {unknown}
 i - a potion of berserk rage {unknown}
 s - 2 potions of heal wounds {unknown}
Comestibles
 c - 7 rations


   Skills:
 - Level 2.4 Dodging
 - Level 2.4 Stealth
 + Level 5.1 Spellcasting
 + Level 3.6 Conjurations
 + Level 4.4 Air Magic


You had 7 spell levels left.
You knew the following spells:

 Your Spells              Type           Power        Failure   Level  Hunger
a - Shock                 Conj/Air       ###.         2%          1    None
b - Swiftness             Chrm/Air       ##......     7%          2    None
c - Airstrike             Air            ###.......   19%         4    ####...

Your spell library contained the following spells:

 Spells                   Type           Power        Failure   Level  Hunger
 Lightning Bolt           Conj/Air       ###.......   52%         5    #####..
 Confuse                  Hex            #.......     34%         3    ##.....
 Confusing Touch          Hex            #.....       12%         1    None
 Metabolic Englaciation   Hex/Ice        #.........   97%         5    #####..
 Static Discharge         Conj/Air       ###.....     7%          3    ##.....
 Petrify                  Tmut/Erth      #.......     75%         4    ####...
 Gell's Gravitas          Tloc           #.........   34%         3    ##.....
 Yara's Violent Unravell  Hex/Tmut       #.........   97%         5    #####..


Dungeon Overview and Level Annotations

Branches:
Dungeon (4/15)             Temple (1/1) D:4

Altars:
Ashenzari
Cheibriados
Dithmenos
Elyvilon
Fedhas
Gozag
Hepliaklqana
Kikubaaqudgha
Okawaru
Qazlal
Trog
Vehumet
Wu Jian
Xom
Yredelemnul
Zin
The Shining One

Annotations:
D:4 Sigmund


Message History

Confirm with . or Enter, or press ? or * to list all spells.
Aiming: Shock (safe; 2% risk of failure)
Press: ? - help, Shift-Dir - straight line The zap hits something.
Casting: Shock (safe; 2% risk of failure)
Confirm with . or Enter, or press ? or * to list all spells.
Aiming: Shock (safe; 2% risk of failure)
Press: ? - help, Shift-Dir - straight line The zap hits something.
Something hits you!
* * * LOW HITPOINT WARNING * * *
You aren't carrying any items that you can evoke.
Unknown command.
Something hits you but does no damage.
Casting: Shock (safe; 2% risk of failure)
Confirm with . or Enter, or press ? or * to list all spells.
Aiming: Shock (safe; 2% risk of failure)
Press: ? - help, Shift-Dir - straight line The zap hits something.
Something hits you!
You die...

##.........####.# .....#...###
#.# .#####.....# #.######
######...## #......#
.>......## ######.# #######.#
#.# #.#.### #.# #.# .......
##'## #######.# .......
##...## #.@...#.# .......
##.....## #.###.#.# .......
##.......###.##..#.# .......
#.........##.#.....####.......
+.........+.........@......$..
#.........##.#...##########...
##.......###.##..# ##.....##
#.....# ##...########.##


There were no monsters in sight!

Vanquished Creatures
  A crimson imp (D:3)
  An orc priest (D:3)
  An orc wizard (D:3)
  2 adders
  2 oozes
  3 worms
  A dart slug (D:2)
  2 leopard geckos
  8 orcs (D:3)
  3 giant cockroaches
  13 goblins
  10 hobgoblins
  6 jackals
  A quokka (D:4)
  9 bats
  4 frilled lizards
  7 kobolds
  5 rats
79 creatures vanquished.

Notes
Turn   | Place    | Note
-------+----------+-------------------------------------------
     0 | D:1      | Gergoth the Deep Elf Air Elementalist began the quest for the Orb.
     0 | D:1      | Reached XP level 1. HP: 10/10 MP: 6/6
   325 | D:1      | Reached XP level 2. HP: 7/15 MP: 0/8
  1287 | D:1      | Learned a level 2 spell: Swiftness
  1329 | D:2      | Reached XP level 3. HP: 19/19 MP: 6/10
  1809 | D:2      | Reached skill level 4 in Spellcasting
  2033 | D:2      | Found an opulent altar of Gozag.
  2316 | D:2      | Found a blossoming altar of Fedhas.
  2316 | D:2      | Found a faded altar of an unknown god.
  2319 | D:2      | Reached XP level 4. HP: 24/24 MP: 8/12
  2352 | D:2      | Found a radiant altar of Vehumet.
  2354 | D:2      | Found an iron altar of Okawaru.
  2356 | D:2      | Found a hazy altar of Hepliaklqana.
  2502 | D:2      | Learned a level 4 spell: Airstrike
  2813 | D:3      | Found a snail-covered altar of Cheibriados.
  2930 | D:3      | Reached XP level 5. HP: 28/28 MP: 0/14
  3558 | D:3      | Reached skill level 5 in Spellcasting
  3895 | D:4      | Found a staircase to the Ecumenical Temple.
  3924 | Temple   | Entered the Ecumenical Temple
  4289 | D:4      | Noticed Sigmund
  4321 | D:4      | Slain by Sigmund

Skill      XL: |  1  2  3  4  5 |
---------------+----------------+-----
Conjurations   | 2 3 |  3.6
Spellcasting   | 4 5 |  5.1
Air Magic      | 4 |  4.4
Dodging        | |  2.4
Stealth        | |  2.4

Action                   |  1- 3 |  4- 6 || total
-------------------------+-------+-------++-------
Melee: Unarmed           |       |     1 ||     1
 Cast: Shock             |    83 |    65 ||   148
       Airstrike         |       |     8 ||     8
  Eat: Chunk             |     4 |     7 ||    11
Armor: Robe              |     5 |     4 ||     9
Dodge: Dodged            |    23 |     7 ||    30
